[Event "*** Titled Tuesday Blitz"]
[Site "Chess.com"]
[Date "2021.04.27"]
[Round "1"]
[White "Airquake"]
[Black "starplatinum2030"]
[Result "1-0"]
[WhiteElo "2640"]
[BlackElo "2302"]
[TimeControl "180+1"]
[EndTime "10:07:10 PDT"]
[Termination "Airquake won by checkmate"]

1. g3 d5 2. Bg2 Nf6 3. Nf3 Bf5 4. O-O e6 5. d3 h6 6. Nbd2 Be7 7. b3 O-O 8. Bb2 c5 9. Re1 Nc6 10. e4 Bh7 11. Qe2 Qc7 12. a3 b5 13. exd5 Nxd5 14.
Ne5 Nxe5 15. Bxe5 Bd6 16. c4 Ne7 17. Bxa8 Rxa8 18. Nf3 a6 19. d4 Bxe5 20. Qxe5 Qxe5 21.
Rxe5 cxd4 22. cxb5 axb5 23. Nxd4 b4 24. a4 Nd5 25. Rc1 Bd3 26. f4 g6 27. Rc5 Rd8 28.
Nc6 Rd6 29. Kf2 Kg7 30. a5 Kf6 31. Rexd5 exd5 32. Nxb4 Be4 33. Ke3 Ke6 34. a6 f5 35.
Kd4 Rd7 36. Rc6+ Ke7 37. Rb6 Kd8 38. a7 Rxa7 39. Rxg6 Rb7 40. Kc5 Rc7+ 41. Nc6+ Kc8 42. Rg8+ Kb7 43. Rb8+ Ka6 44. Rb6# 1-0

[Event "*** Titled Tuesday Blitz"]
[Site "Chess.com"]
[Date "2021.04.27"]
[Round "1"]
[White "harlem4brew"]
[Black "1977Ivan"]
[Result "1-0"]
[WhiteElo "2374"]
[BlackElo "2672"]
[TimeControl "180+1"]
[EndTime "10:07:11 PDT"]
[Termination "harlem4brew won on time"]

1. e4 c5 2. Nf3 e6 3. d4 cxd4 4. Nxd4 Nc6 5. Nc3 Qc7 6. Be2 a6 7. O-O b5 8. Bf3 Bb7 9. Nxc6 Qxc6 10. Re1 Qd6 11. Qe2 Qc7 12. e5 Ne7 13. Bf4 Ng6 14.
Bg3 Rc8 15. Bxb7 Qxb7 16. Ne4 Be7 17. c3 h5 18. h3 f5 19. exf6 gxf6 20. Rad1 f5 21.
Nd6+ Bxd6 22. Bxd6 Rc4 23. Qd3 Nh4 24. Qg3 Kf7 25. Bf4 Rg8 26. Rxd7+ Qxd7 27. Qxh4 Rg6 28. Re3 Qd1+ 29. Kh2 Qf1 30. Rg3 Rxg3 31. Qxg3 Qe2 32. Be5 Ke8 33. Qg8+ Kd7 34. Qf7+ Kc6 35. Qxe6+ Kb7 36.
Qe7+ 1-0

[Event "*** Titled Tuesday Blitz"]
[Site "Chess.com"]
[Date "2021.04.27"]
[Round "1"]
[White "Matols"]
[Black "juancruzarias"]
[Result "0-1"]
[WhiteElo "2239"]
[BlackElo "2570"]
[TimeControl "180+1"]
[EndTime "10:07:11 PDT"]
[Termination "juancruzarias won by resignation"]

1. d4 e6 2. c4 Nf6 3. g3 Bb4+ 4.
Bd2 Qe7 5. Nf3 Nc6 6. Nc3 O-O 7.
Bg2 b6 8. O-O Na5 9. b3 Bb7 10.
Qc2 Rac8 11. Rad1 c5 12. d5 exd5 13. Nxd5 Bxd5 14. cxd5 Qxe2 15. Rfe1 Qa6 16. Bxb4 cxb4 17. Qf5 Nb7 18. d6 Rc5 19. Ne5 Qa5 20. Bxb7 Re8 21. f4 Qxa2 22. Qd3 Rc3 23. Qb1 Qa5 24. Rc1 Qc5+ 25. Kh1 Qxd6 26. Rxc3 bxc3 27. Qc2 Qc5 28. Rc1 d6 29. Nf3 Re3 30. Ng5 d5 31. Qf2 h6 32.
Nf3 d4 33. Ne5 d3 34. Re1 Rxe1+ 35. Qxe1 d2 36. Qd1 c2 37. Qxd2 c1=Q+ 0-1

[Event "*** Titled Tuesday Blitz"]
[Site "Chess.com"]
[Date "2021.04.27"]
[Round "1"]
[White "Chandradi"]
[Black "grzechu96"]
[Result "1-0"]
[WhiteElo "2375"]
[BlackElo "2684"]
[TimeControl "180+1"]
[EndTime "10:07:12 PDT"]
[Termination "Chandradi won on time"]

1. c4 e5 2. g3 Nf6 3. Bg2 d5 4.
cxd5 Nxd5 5. Nc3 Nb6 6. Nf3 Nc6 7. O-O Be7 8. a3 O-O 9. d3 Re8 10. b4 Bf8 11. Bb2 Bg4 12. h3 Bh5 13. Rc1 a5 14. b5 Nd4 15. g4 Bg6 16. Nxd4 exd4 17. Ne4 Qd7 18. Nc5 Bxc5 19. Rxc5 Rab8 20. Qc2 Re7 21. Rc1 Qe8 22. Bf3 Rc8 23. Bxd4 Nd7 24. Rxc7 Rd8 25. Rxb7 Ne5 26. Bxe5 Rxe5 27. a4 Qe6 28. Qc6 Qb3 29. Qc4 Qb2 30. Qc3 Qxc3 31. Rxc3 h5 32. gxh5 Bf5 33. Kg2 Be6 34. Ra7 Rg5+ 35.
Kh2 Rd4 36. Be4 g6 37. e3 Rxa4 38. hxg6 Ra1 39. gxf7+ 1-0

[Event "*** Titled Tuesday Blitz"]
[Site "Chess.com"]
[Date "2021.04.27"]
[Round "1"]
[White "esrosenberg"]
[Black "nocnypako"]
[Result "0-1"]
[WhiteElo "2207"]
[BlackElo "2545"]
[TimeControl "180+1"]
[EndTime "10:07:12 PDT"]
[Termination "nocnypako won on time"]

1. Nf3 Nf6 2. c4 g6 3. Nc3 d5 4. cxd5 Nxd5 5. e4 Nxc3 6. dxc3 Qxd1+ 7. Kxd1 f6 8. e5 Nc6 9. Bf4 Bg4 10. exf6 O-O-O+ 11. Kc2 Bf5+ 12. Kc1 exf6 13. Bb5 g5 14. Bxc6 bxc6 15.
Be3 Kb7 16. Nd4 Be4 17. f3 Bd5 18. Kc2 Bd6 19. Nb3 h5 20. Nc5+ Kc8 21. b3 g4 22. c4 Bf7 23. Rad1 Bg6+ 24. Ne4 Be7 25. Kc3 f5 26. Bg5 fxe4 27. Bxe7 Rde8 28. Bc5 exf3 29. gxf3 gxf3 30. Rhg1 Bf5 31. Rg5 Bh3 32. Rg3 Bg2 33. h4 Kb8 34. Rg7 Rd8 35. Rxd8+ Rxd8 36. Rf7 Re8 37. a4 Re4 38. Rf8+ Kb7 0-1

[Event "*** Titled Tuesday Blitz"]
[Site "Chess.com"]
[Date "2021.04.27"]
[Round "1"]
[White "StockholmMissile"]
[Black "MarkoPe"]
[Result "1-0"]
[WhiteElo "2598"]
[BlackElo "2270"]
[TimeControl "180+1"]
[EndTime "10:07:13 PDT"]
[Termination "StockholmMissile won by checkmate"]

1. d4 d5 2. c4 e6 3. Nf3 c6 4. Nbd2 Nf6 5. g3 Bd6 6. Bg2 Nbd7 7. Qc2 e5 8. cxd5 Nxd5 9. O-O O-O 10. Nc4 Qe7 11. Nxd6 Qxd6 12. Rd1 exd4 13. Nxd4 N7f6 14. e4 Nb4 15. Qe2 Qe7 16. Bd2 Na6 17. h3 Be6 18. f4 Rad8 19. Bc3 Nc5 20. Rac1 Rfe8 21. Bb4 Nfd7 22. f5 Bxa2 23. b3 a5 24. Ba3 Qg5 25. Qxa2 Nxe4 26. Bxe4 Rxe4 27. Qf2 h5 28. Rc3 Ne5 29.
Bc1 Qf6 30. Be3 h4 31. g4 c5 32. Rxc5 Rexd4 33. Bxd4 Rxd4 34. Rxd4 Nf3+ 35. Qxf3 Qxd4+ 36. Qf2 Qd1+ 37. Kg2 Qxb3 38. Rc8+ Kh7 39. Qxh4# 1-0

[Event "*** Titled Tuesday Blitz"]
[Site "Chess.com"]
[Date "2021.04.27"]
[Round "1"]
[White "ckgchess"]
[Black "pavelalexandru07"]
[Result "1-0"]
[WhiteElo "2685"]
[BlackElo "2353"]
[TimeControl "180+1"]
[EndTime "10:07:14 PDT"]
[Termination "ckgchess won by resignation"]

1. e4 c5 2. c3 Nf6 3. e5 Nd5 4. d4 Nc6 5. Nf3 cxd4 6. cxd4 d6 7. Bc4 Nb6 8. Bb5 dxe5 9. Nxe5 Bd7 10. Nxd7 Qxd7 11. O-O e6 12. Nc3 a6 13. Bxc6 Qxc6 14.
Qg4 h5 15. Qg5 Rd8 16. Be3 Rh6 17. Qh4 Be7 18. Qh3 g5 19. Rac1 g4 20. Qg3 Rg6 21. Qe5 Bf6 22. Qxh5 Ke7 23. Ne2 Qd5 24. Rc7+ Rd7 25.
Rxd7+ Kxd7 26. Qxd5+ Nxd5 27. Rc1 Rg8 28. Nc3 Rc8 29.
Nxd5 Rxc1+ 30. Bxc1 exd5 31. Be3 Ke6 32. Kf1 Kd7 33. Ke2 Kc6 34. f3 gxf3+ 35. gxf3 Kb5 36. Kd3 a5 37. Bf2 b6 38. h4 Kb4 39. h5 b5 40.
h6 a4 1-0

[Event "*** Titled Tuesday Blitz"]
[Site "Chess.com"]
[Date "2021.04.27"]
[Round "1"]
[White "blitzking1729"]
[Black "bricolageur"]
[Result "1-0"]
[WhiteElo "2667"]
[BlackElo "2332"]
[TimeControl "180+1"]
[EndTime "10:07:15 PDT"]
[Termination "blitzking1729 won by resignation"]

1. c4 e5 2. Nf3 Nc6 3. Nc3 f5 4.
d4 e4 5. Ng5 Bb4 6. h4 Qf6 7. e3 Bxc3+ 8. bxc3 d6 9. g3 Nge7 10.
Rb1 b6 11. Be2 h6 12. Nh3 g5 13. Ba3 Na5 14. c5 dxc5 15. Bb2 c4 16. Ba3 Nd5 17. Kd2 g4 18. Nf4 Nxf4 19. gxf4 Qc6 20. Bb4 Nb7 21. Kc1 Be6 22. Rg1 O-O-O 23. Qc2 Rd7 24. Ba3 Bd5 25. Bd1 b5 26. Qb2 a6 27. Bb4 h5 28. a4 Rh6 29. axb5 axb5 30. Ra1 Nd6 31.
Bc2 Kb8 32. Kd2 Qb6 33. Ke2 Nc8 34. Bc5 Qb7 35. Rgb1 Bc6 36. Qb4 Nb6 37. Kf1 Rh8 38. Kg2 Nd5 39. Qa5 g3 40. Ba4 gxf2 41. Kxf2 Kc8 42.
Bxb5 Rf8 43. Bxc6 1-0

[Event "*** Titled Tuesday Blitz"]
[Site "Chess.com"]
[Date "2021.04.27"]
[Round "1"]
[White "Durarbayli"]
[Black "KyrgyzFighter"]
[Result "1-0"]
[WhiteElo "2753"]
[BlackElo "2404"]
[TimeControl "180+1"]
[EndTime "10:07:17 PDT"]
[Termination "Durarbayli won by checkmate"]

1. e4 e6 2. d4 d5 3. e5 c5 4. c3 Nc6 5. Nf3 Bd7 6. Bd3 f6 7. O-O fxe5 8. dxe5 Qc7 9. Re1 O-O-O 10. Bg5 Be7 11. Nbd2 h6 12. Bxe7 Ngxe7 13. c4 g5 14. h3 Rdf8 15. Rc1 d4 16. a3 Kb8 17. b4 cxb4 18. axb4 Nxb4 19. Ne4 Bc6 20. Nf6 Bxf3 21. Qxf3 Nec6 22. Rb1 a5 23. Bg6 Ka7 24. Qa3 Rd8 25. Be4 d3 26. Bxc6 Nxc6 27. Ne4 d2 28. Qe3+ Ka8 29.
Nxd2 Rd4 30. Rb5 Rhd8 31. Nb3 Rxc4 32. Ra1 a4 33. Nc5 Qxe5 34. Qxe5 Nxe5 35. Nxa4 Re4 36. Nc5+ Kb8 37. Rxb7+ Kc8 38. Ra8# 1-0

[Event "*** Titled Tuesday Blitz"]
[Site "Chess.com"]
[Date "2021.04.27"]
[Round "1"]
[White "Nozdrachev_Vladislav"]
[Black "McCarthyStone"]
[Result "1-0"]
[WhiteElo "2708"]
[BlackElo "2366"]
[TimeControl "180+1"]
[EndTime "10:07:17 PDT"]
[Termination "Nozdrachev_Vladislav won on time"]

1. e4 d5 2. exd5 Qxd5 3. Nc3 Qd6 4. d4 Nf6 5. Nf3 e6 6. Nb5 Qd8 7. Bf4 Na6 8. c4 c6 9. Nc3 Bd6 10. Bg3 O-O 11. Be2 Nc7 12. O-O b6 13. Ne5 Bb7 14. Bf3 Bxe5 15. dxe5 Nd7 16. Ne4 Ne8 17. Nd6 Nxd6 18. exd6 Qc8 19. Bh4 c5 20. Be7 Re8 21.
Re1 Bc6 22. Re3 Qb7 23. Bxc6 Qxc6 24. Qh5 Nf8 25. Rd1 Qd7 26. Rh3 h6 27. Bf6 Ng6 28. Bxg7 Nf4 29. Qxh6 Nxh3+ 30. gxh3 f5 31. Be5 Qh7 32.
Qg5+ Kf8 33. Rd3 Qg8 34. Rg3 Qxg5 35. Rxg5 1-0

[Event "*** Titled Tuesday Blitz"]
[Site "Chess.com"]
[Date "2021.04.27"]
[Round "1"]
[White "SilviusTiberius"]
[Black "DFeco"]
[Result "1-0"]
[WhiteElo "2602"]
[BlackElo "2278"]
[TimeControl "180+1"]
[EndTime "10:07:17 PDT"]
[Termination "SilviusTiberius won by resignation"]

1. e4 e5 2. Nf3 Nc6 3. Bb5 g6 4. d4 exd4 5. c3 d3 6. O-O Bg7 7. Bg5 Nge7 8. Qxd3 O-O 9. Nbd2 d6 10. Qe3 Be6 11.
h4 f6 12. Bh6 Bf7 13. h5 gxh5 14.
Nh4 Ne5 15. Qg3 N5g6 16. Bxg7 Kxg7 17. Be2 Kh8 18. Bxh5 Rg8 19. Be2 f5 20. Nxf5 Nxf5 21. exf5 Nh4 22. Bg4 h5 23. f3 hxg4 24. fxg4 Qg5 25.
Rf4 Nxf5 26. Qh2+ Nh6 27. Nf3 Qg6 28. g5 Bd5 29. Rh4 Kg7 30. Rxh6 Qf5 31. Nh4 Qxg5 32. Rg6+ Qxg6 33. Nxg6 Kxg6 34. Re1 Kf7 35. Qf4+ Kg7 36. Re7+ Kg6 37. Qg4+ Kf6 38. Qh4+ Kf5 39. Qh7+ Kf6 40. Re2 Rae8 41. Qh6+ Kf5 42. Qh5+ Kf6 43. Rxe8 Rxg2+ 44. Kf1 Bc4+ 45. Kxg2 1-0

[Event "*** Titled Tuesday Blitz"]
[Site "Chess.com"]
[Date "2021.04.27"]
[Round "1"]
[White "politeplayer"]
[Black "HonzaVykouk"]
[Result "0-1"]
[WhiteElo "2251"]
[BlackElo "2582"]
[TimeControl "180+1"]
[EndTime "10:07:17 PDT"]
[Termination "HonzaVykouk won on time"]

1. e4 c5 2. Nf3 Nc6 3. d4 cxd4 4. Nxd4 e6 5. Nc3 Qb6 6. Nb3 Nf6 7. Be3 Qc7 8. g3 a6 9. Bg2 d6 10. O-O b5 11. Qe2 Bb7 12. Rad1 Be7 13. g4 O-O 14. g5 Nd7 15. Qh5 Rfe8 16. f4 g6 17. Qg4 b4 18.
Ne2 a5 19. f5 Nde5 20. Qg3 Ba6 21. Rf2 a4 22. Nbd4 Bxe2 23. Nxe2 Nc4 24. fxe6 fxe6 25. Bf4 Nxb2 26. Bxd6 Nxd1 27. Bxc7 Bc5 28. Qh3 Nxf2 29. Qh4 Nxe4+ 30. Kf1 Rf8+ 31. Nf4 Be3 32. Bxe4 e5 33. Bxe5 Nxe5 34. Bd5+ Kh8 35. Qh3 Bxf4 36. Qe6 Rae8 0-1

[Event "*** Titled Tuesday Blitz"]
[Site "Chess.com"]
[Date "2021.04.27"]
[Round "1"]
[White "lucachess49"]
[Black "MITerryble"]
[Result "0-1"]
[WhiteElo "2446"]
[BlackElo "2883"]
[TimeControl "180+1"]
[EndTime "10:07:18 PDT"]
[Termination "MITerryble won on time"]

1. d4 d5 2. c4 dxc4 3. Nf3 Nf6 4.
e3 e6 5. Bxc4 a6 6. a4 c5 7. O-O Nc6 8. Nc3 Be7 9. Qe2 O-O 10.
Rd1 Qc7 11. d5 exd5 12. Nxd5 Nxd5 13. Bxd5 Nb4 14. Bc4 Bg4 15. Bd2 Bf6 16. Bxb4 cxb4 17. Rac1 Qe7 18. Bd5 Rac8 19. h3 Bh5 20. Qd2 Rfd8 21.
Rxc8 Rxc8 22. Rc1 Rd8 23. Rd1 Bxf3 24. gxf3 g6 25. b3 Kg7 26. Qd3 Rc8 27. Bc4 Rd8 28. Qxd8 Qxd8 29. Rxd8 Bxd8 30. Kf1 f6 31. Ke2 Kh6 32.
Kd3 Kg5 33. Ke4 Kh4 34. Kd5 Kxh3 35. Ke6 Kg2 36. Bd5 Kxf2 37. Bxb7 Kxe3 38. Bxa6 Kxf3 39. Bd3 Ke3 40. Bc4 f5 41. Kd7 Bf6 42. Ke6 Bd4 43.
Kf7 f4 0-1

[Event "*** Titled Tuesday Blitz"]
[Site "Chess.com"]
[Date "2021.04.27"]
[Round "1"]
[White "ChadBiryani"]
[Black "KeithArkell"]
[Result "0-1"]
[WhiteElo "2281"]
[BlackElo "2608"]
[TimeControl "180+1"]
[EndTime "10:07:18 PDT"]
[Termination "KeithArkell won by resignation"]

1. d4 e6 2. c4 Bb4+ 3. Nd2 Nf6 4.
g3 O-O 5. Bg2 c5 6. Nf3 cxd4 7.
Nxd4 Nc6 8. Nf3 b6 9. O-O Bb7 10. a3 Be7 11. b4 Qc8 12. Bb2 d6 13. Rc1 Rd8 14. Qc2 h6 15. Rfd1 a5 16. b5 Nb8 17.
Nb3 Nbd7 18. Nbd4 Be4 19. Qd2 Qb7 20. h3 Nc5 21. Qe3 Rac8 22. Nb3 Nxb3 23. Qxb3 Nd7 24. Ne1 Bxg2 25. Nxg2 Nc5 26. Qe3 Qe4 27. Qxe4 Nxe4 28.
Ne3 Bg5 29. Rd3 Nc5 30. Rdc3 Na4 31. R3c2 Nxb2 32. Rxb2 Bxe3 33. fxe3 Rc5 34. Kf2 Kf8 35. e4 Rdc8 36. Rd1 Ke7 37. Rbd2 Rd8 38. Rc1 d5 39.
exd5 exd5 40. Rcd1 Rxc4 41. Rxd5 Rxd5 42. Rxd5 Rc3 43. a4 Rc4 44. Re5+ Kd6 45. Re8 Rxa4 46. Rg8 g6 47. Rb8 Kc5 48. Rb7 Kxb5 49. Rxf7 Rc4 50. Ra7 a4 51. Kf3 Kb4 52. e4 a3 53. e5 Kb3 54. e6 Rc8 55. Ke4 b5 56. Ke5 b4 57.
Kf6 a2 58. Kxg6 Kb2 59. Kxh6 a1=Q 60. Rxa1 Kxa1 61. g4 b3 0-1

[Event "*** Titled Tuesday Blitz"]
[Site "Chess.com"]
[Date "2021.04.27"]
[Round "1"]
[White "FMalexhdez"]
[Black "GelmanAlexander"]
[Result "0-1"]
[WhiteElo "2270"]
[BlackElo "2597"]
[TimeControl "180+1"]
[EndTime "10:07:18 PDT"]
[Termination "GelmanAlexander won on time"]

1. e4 c5 2. Nf3 e6 3. d4 cxd4 4. Nxd4 a6 5. Nc3 d6 6. g3 Nf6 7.
Bg2 Be7 8. O-O O-O 9. a4 Bd7 10. h3 Nc6 11. Nde2 Ne5 12. Kh2 Rc8 13. f4 Ng6 14. Be3 Qc7 15. a5 Qb8 16. Qe1 h6 17. g4 Bc6 18. Rd1 Rfe8 19. Qg3 Nh7 20. Nd4 Bd7 21.
Nf3 Bf6 22. g5 hxg5 23. fxg5 Bxc3 24. bxc3 Rxc3 25. Bd4 Rxc2 26. h4 e5 27. Be3 Bb5 28. h5 Bxf1 29. Rxf1 Nf4 30. Bxf4 exf4 31. Qxf4 Qd8 32.
Nd4 Rxg2+ 33. Kxg2 Nxg5 34. Nf5 Rxe4 35. Qxd6 Qxa5 36. Ne7+ Kh7 37. Rxf7 Re2+ 0-1

[Event "*** Titled Tuesday Blitz"]
[Site "Chess.com"]
[Date "2021.04.27"]
[Round "1"]
[White "Kozok"]
[Black "DarZay"]
[Result "1-0"]
[WhiteElo "2524"]
[BlackElo "2168"]
[TimeControl "180+1"]
[EndTime "10:07:18 PDT"]
[Termination "Kozok won on time"]

1. e4 e5 2. Nf3 Nc6 3. Nc3 Bc5 4.
Nxe5 Bxf2+ 5. Kxf2 Nxe5 6. d4 Qf6+ 7. Kg1 Ng4 8. Qd2 d6 9. h3 N4h6 10. Bc4 Ne7 11. Kh2 Qh4 12. g3 Qh5 13. Kg2 f5 14. Qe3 Bd7 15. Bd2 O-O-O 16. Rae1 Rde8 17. d5 Ng6 18.
Qxa7 Kd8 19. exf5 Ne5 20. Be2 Qxf5 21. Bxh6 gxh6 22. g4 Qg5 23. Qb8+ Bc8 24. Nb5 Qg7 25.
Rhf1 h5 26. Na7 Qd7 27. Bb5 c6 28. dxc6 Nxc6 29. Nxc6+ bxc6 30. Qb6+ Qc7 31. Qxc7+ Kxc7 32. Bd3 hxg4 33. Rf7+ Kb6 34. Rxe8 Rxe8 35. hxg4 1-0

[Event "*** Titled Tuesday Blitz"]
[Site "Chess.com"]
[Date "2021.04.27"]
[Round "1"]
[White "AwareIdea"]
[Black "TheKingOfTheForest"]
[Result "1-0"]
[WhiteElo "2565"]
[BlackElo "2239"]
[TimeControl "180+1"]
[EndTime "10:07:19 PDT"]
[Termination "AwareIdea won by resignation"]

1. d4 f5 2. c4 Nf6 3. g3 g6 4. Bg2 Bg7 5. Nf3 O-O 6. O-O d6 7. Nbd2 Nc6 8. d5 Na5 9. Qc2 c5 10. Ng5 h6 11. Ne6 Bxe6 12. dxe6 Nc6 13. e4 Nd4 14.
Qd3 Rb8 15. exf5 Nxf5 16. Rb1 Nd4 17. Qxg6 Qe8 18. Qd3 b5 19. Re1 bxc4 20. Nxc4 Qh5 21. h3 Nh7 22. Bf4 Ng5 23. Bxg5 hxg5 24. g4 Qh7 25.
Be4 Nf3+ 26. Qxf3 Rxf3 27. Bxh7+ Kxh7 28. Kg2 Rf4 29. Ne3 Rxb2 30. Rxb2 Bxb2 31. Nf5 Bf6 32. Nxd6 exd6 33. e7 Bxe7 34. Rxe7+ Kg6 35. Rxa7 c4 36. Ra6 Rd4 37. a4 c3 38. Rc6 Kf6 39. a5 Ke6 40. Rxc3 Ra4 41. Re3+ Kf6 42. Rf3+ Ke6 43. Rf5 Ra3 44.
Rxg5 d5 45. a6 Kf6 46. Rxd5 Rxa6 47. Kg3 1-0

[Event "*** Titled Tuesday Blitz"]
[Site "Chess.com"]
[Date "2021.04.27"]
[Round "1"]
[White "Rsnr"]
[Black "viktorgen2021"]
[Result "1-0"]
[WhiteElo "2776"]
[BlackElo "2411"]
[TimeControl "180+1"]
[EndTime "10:07:20 PDT"]
[Termination "Rsnr won by resignation"]

1. d4 Nf6 2. c4 e6 3. Nf3 b6 4. a3 Bb7 5. Nc3 d5 6. Bg5 Be7 7. Qa4+ Nbd7 8. Bxf6 Bxf6 9. cxd5 exd5 10. g3 O-O 11.
Bh3 c6 12. Nxd5 b5 13. Nxf6+ Nxf6 14. Qc2 Re8 15. O-O h5 16. Rad1 Ne4 17. Bg2 Rc8 18. Ne5 Nf6 19. e3 Qb6 20. Nd3 a5 21. Nc5 g6 22.
Rc1 Ba8 23. b4 a4 24. h4 Qd8 25. Bf3 Qd6 26. Kg2 Ng4 27. Bxg4 hxg4 28. Rfd1 Rcd8 29. e4 Qf6 30. Qe2 Rxd4 31. Rxd4 Qxd4 32. Rd1 Qc3 33.
Rd3 Qc4 34. Qxg4 Kg7 35. Qd7 Rh8 36. Qd4+ f6 37. Qxc4 bxc4 38. Rd7+ Kh6 39. Nxa4 Re8 40. f3 f5 41. Nc3 c5 42. bxc5 fxe4 43. fxe4 Bxe4+ 44. Kf2 Bd3 45. c6 Rc8 46. c7 Bf5 47. Re7 Ra8 48.
Nb5 c3 49. Ke3 c2 50. Kd2 Ra5 51. Re5 Bd7 52. Rc5 Bc8 53. Kxc2 Bf5+ 54. Rxf5 gxf5 55. c8=Q 1-0

[Event "*** Titled Tuesday Blitz"]
[Site "Chess.com"]
[Date "2021.04.27"]
[Round "1"]
[White "anon6121824"]
[Black "gmpeter008"]
[Result "1-0"]
[WhiteElo "2797"]
[BlackElo "2420"]
[TimeControl "180+1"]
[EndTime "10:07:21 PDT"]
[Termination "anon6121824 won by resignation"]

1. d4 d5 2. Nf3 Nf6 3. c4 e6 4. cxd5 exd5 5. Nc3 Be7 6. Bf4 O-O 7. e3 c6 8. Bd3 Re8 9. O-O Nbd7 10. a3 a5 11. Rb1 Nf8 12. b4 axb4 13. axb4 Ng6 14. Bg3 Bd6 15. Qc2 Bg4 16. Bf5 Bxf3 17. gxf3 Bxg3 18.
hxg3 Qd6 19. Rfd1 Ra3 20. e4 dxe4 21. fxe4 Qd8 22. Rd3 Ne7 23. Bh3 Qa8 24. Qb2 Rxc3 25. Qxc3 Nxe4 26. Qc2 Nd5 27. b5 cxb5 28. Rxb5 Nec3 29.
Rb3 Ne2+ 30. Kh2 Qb8 31. Rb5 Ndf4 32. gxf4 Qxf4+ 33. Kg2 Qe4+ 34. Kh2 Qf4+ 35. Rg3 Nxg3 36. fxg3 Qxd4 37. Rxb7 g6 38. Bg2 Re5 39. Bf3 Qd1 40. Qxd1 1-0

[Event "*** Titled Tuesday Blitz"]
[Site "Chess.com"]
[Date "2021.04.27"]
[Round "1"]
[White "Natalya_Buksa"]
[Black "AntonovaNadezhda"]
[Result "1-0"]
[WhiteElo "2507"]
[BlackElo "2108"]
[TimeControl "180+1"]
[EndTime "10:07:22 PDT"]
[Termination "Natalya_Buksa won on time"]

1. d4 Nf6 2. Nc3 d5 3. Bf4 g6 4. e3 Bg7 5. h4 Nbd7 6. Nb5 e5 7. dxe5 Nh5 8. e6 Ne5 9. exf7+ Kxf7 10. Bg5 Qd7 11. Nc3 c6 12. Be2 Nf6 13. Nf3 Nxf3+ 14. Bxf3 h6 15. Bf4 Re8 16. Qd2 Ne4 17. Bxe4 dxe4 18.
Qe2 Bxc3+ 19. bxc3 h5 20. O-O Qg4 21. f3 Qxh4 22.
fxe4 Kg7 23. Qd3 Bg4 24. Qd4+ Kh7 25. Bd6 Be6 26. c4 b6 27. c5 b5 28. Rf3 Bc4 29. Rf4 Qg5 30. Re1 Re6 31. e5 Rae8 32. Rf2 Qg4 33. e4 Qg5 34. Re3 Qg4 35. Ref3 Bd5 36. Rf4 Qg5 37. exd5 cxd5 38. Qe3 1-0

[Event "*** Titled Tuesday Blitz"]
[Site "Chess.com"]
[Date "2021.04.27"]
[Round "1"]
[White "GameOverBro"]
[Black "BobbySteen89"]
[Result "1-0"]
[WhiteElo "2490"]
[BlackElo "2022"]
[TimeControl "180+1"]
[EndTime "10:07:23 PDT"]
[Termination "GameOverBro won by checkmate"]

1. e4 c5 2. Ne2 d6 3. g3 Nc6 4. Bg2 g6 5. c3 Bg7 6. d4 cxd4 7. cxd4 Nf6 8. Nbc3 O-O 9. O-O Bd7 10. h3 e5 11. Be3 Re8 12. d5 Ne7 13. f4 exf4 14. gxf4 Nh5 15. Bd4 Nc8 16. Bxg7 Kxg7 17. Qd4+ Kg8 18.
Rae1 Qh4 19. Qf2 Qf6 20. Nd4 Ng3 21. Qxg3 Qxd4+ 22. Qf2 Qxf2+ 23. Rxf2 Nb6 24. Rfe2 Nc4 25. b3 Nb6 26. e5 Bf5 27. Nb5 dxe5 28. Nc7 e4 29.
Nxa8 Rxa8 30. Bxe4 Bxe4 31. Rxe4 Nxd5 32. Rd4 Nf6 33.
Re7 Rc8 34. Rxb7 Rc1+ 35. Kf2 Rc2+ 36. Kf3 Rxa2 37. Rd6 Kg7 38. Rc6 Nd5 39. Rd6 Ra5 40. b4 Ra3+ 41. Ke4 Nf6+ 42. Kd4 Rxh3 43. Rxa7 Rh4 44.
b5 Rxf4+ 45. Kd3 Rb4 46. b6 Ne4 47. Rc6 Nf6 48. b7 Nd7 49. Kc3 Rb1 50. Rc8 h5 51.
Rd8 Nc5 52. b8=Q Rxb8 53. Rxb8 h4 54. Kd4 Ne6+ 55. Ke3 Kf6 56. Rbb7 Ng5 57. Kf4 h3 58. Rb6+ Ne6+ 59. Kg3 Ke5 60. Kxh3 Nf4+ 61. Kg4 f5+ 62. Kf3 g5 63. Ra5+ Nd5 64. Rbb5 g4+ 65. Kf2 Ke4 66.
Rxd5 f4 67. Rdb5 g3+ 68. Kg2 f3+ 69. Kxg3 Ke3 70. Rb3+ Ke2 71. Ra2+ Kf1 72. Rb1# 1-0

[Event "*** Titled Tuesday Blitz"]
[Site "Chess.com"]
[Date "2021.04.27"]
[Round "1"]
[White "LileKoridze"]
[Black "superchess02"]
[Result "0-1"]
[WhiteElo "2422"]
[BlackElo "2804"]
[TimeControl "180+1"]
[EndTime "10:07:24 PDT"]
[Termination "superchess02 won by resignation"]

1. d4 Nf6 2. c4 e6 3. Nc3 c5 4.
d5 d6 5. e4 a6 6. Nf3 exd5 7.
exd5 Be7 8. Bd3 O-O 9. O-O Bg4 10.
h3 Bh5 11. Be2 Nbd7 12. Bf4 Re8 13. Qc2 b5 14. cxb5 axb5 15. Nxb5 Nxd5 16. Bxd6 Bxd6 17. Nxd6 Re6 18. Nc4 Nf4 19. Bd1 Rg6 20. Ne3 Nxh3+ 21. Kh2 Bxf3 22. Bxf3 Ng5 23. Bg4 Ne5 24. f4 Qd4 25.
fxg5 Qxe3 26. Bh3 Qxg5 27. Qf2 h5 28. Kg1 Raa6 29. Qf5 Qe3+ 30. Kh1 Ng4 31. Qxh5 Nf2+ 32. Kh2 Rh6 33. Qf5 Raf6 34. Qc8+ Kh7 35. Rxf2 Qxf2 36. a4 Rxh3+ 37. Qxh3+ Rh6 38. Qxh6+ Kxh6 39. a5 Qh4+ 40.
Kg1 Qd4+ 41. Kh2 Qxb2 42. Ra4 Qb5 43. Ra1 Qa6 44. Kg3 c4 45. Kf3 Qf6+ 46. Ke3 Qxa1 0-1

[Event "*** Titled Tuesday Blitz"]
[Site "Chess.com"]
[Date "2021.04.27"]
[Round "1"]
[White "chessflav"]
[Black "Marty435"]
[Result "0-1"]
[WhiteElo "2255"]
[BlackElo "2595"]
[TimeControl "180+1"]
[EndTime "10:07:26 PDT"]
[Termination "Marty435 won by checkmate"]

1. e4 c6 2. Nc3 d5 3. Nf3 Bg4 4. h3 Bxf3 5. Qxf3 e6 6. d3 Nd7 7.
g4 Ne7 8. Bg2 Ng6 9. O-O Bd6 10.
Ne2 Nh4 11. Qe3 h5 12. g5 dxe4 13. dxe4 Qc7 14. c3 Ne5 15. f4 Nc4 16. Qg3 Nxg2 17.
Kxg2 Bc5 18. e5 g6 19. b3 Nb6 20. Be3 Be7 21. c4 Rd8 22. Rad1 O-O 23. Nc3 Rd7 24.
Ne4 Rfd8 25. Rxd7 Qxd7 26. Nf6+ Bxf6 27. gxf6 Qd3 28. Rf3 Qc2+ 29. Rf2 Qe4+ 30. Kh2 Rd3 31. Re2 Rd1 32. Qg2 Qb1 33. f5 Qxf5 34. Bg1 Qf4+ 35.
Kh1 Nd7 36. Re4 Qf5 37. Qe2 Qxh3+ 38. Qh2 Qf3+ 39. Qg2 Qf5 40. Re2 Nxe5 41. Rf2 Qb1 42. Qh2 Ng4 43. Qb8+ Kh7 44. Qf8 Rxg1# 0-1

[Event "*** Titled Tuesday Blitz"]
[Site "Chess.com"]
[Date "2021.04.27"]
[Round "1"]
[White "AlexSuv"]
[Black "LubovMarkelova"]
[Result "1/2-1/2"]
[WhiteElo "2563"]
[BlackElo "2250"]
[TimeControl "180+1"]
[EndTime "10:07:26 PDT"]
[Termination "Game drawn - insufficient material"]

1. d4 d5 2. c4 c6 3. Nc3 Nf6 4.
e3 e6 5. Nf3 Nbd7 6. Qc2 Bd6 7.
Bd3 dxc4 8. Bxc4 b5 9. Be2 Bb7 10. O-O O-O 11. Rd1 Qe7 12. e4 e5 13. dxe5 Nxe5 14.
Nd4 g6 15. Bg5 h6 16. Bh4 b4 17. Na4 c5 18. Nb3 Bxe4 19. Qxe4 Nxe4 20. Bxe7 Bxe7 21. f3 Nf6 22. Naxc5 Rfd8 23. Nb7 Rxd1+ 24. Rxd1 Rb8 25. N7a5 Rd8 26. Rxd8+ Bxd8 27. Kf2 Bb6+ 28. Ke1 Nd5 29. Nc4 Nxc4 30. Bxc4 Ne3 31. Bf1 a5 32. g3 a4 33. Nc1 Bd4 34. Nd3 b3 35. axb3 axb3 36. Nc1 Bxb2 37. Nxb3 Nxf1 38. Kxf1 Be5 39.
Ke2 Kg7 40. f4 Bd6 41. Nd4 h5 42. Kf3 Kf6 43. Nc2 Bc5 44. Ne1 g5 45. fxg5+ Kxg5 46. Nd3 Bd6 47. Nf2 f5 48. Nd3 h4 49. Nf2 hxg3 50.
hxg3 Bxg3 51. Kxg3 f4+ 52. Kf3 Kf5 53. Nd3 Kf6 54.
Nxf4 1/2-1/2

[Event "*** Titled Tuesday Blitz"]
[Site "Chess.com"]
[Date "2021.04.27"]
[Round "1"]
[White "topin8"]
[Black "AleksanderHnydiuk"]
[Result "0-1"]
[WhiteElo "2208"]
[BlackElo "2547"]
[TimeControl "180+1"]
[EndTime "10:07:26 PDT"]
[Termination "AleksanderHnydiuk won on time"]

1. e4 Nf6 2. Nc3 d5 3. exd5 Nxd5 4. Nf3 Bg4 5. Be2 e6 6. O-O Be7 7. h3 Bh5 8. d3 O-O 9. Ne4 c5 10. Ne5 Bxe2 11. Qxe2 Nd7 12. Nf3 Qc7 13. Bd2 Rac8 14. b3 Nb8 15. c4 Nf4 16. Qe3 Ng6 17. d4 cxd4 18. Nxd4 a6 19. Kh1 Rfd8 20. Rad1 Nc6 21. Bc3 h6 22. f4 Nh4 23. Ng3 Qb6 24. Qe4 Qc7 25. Nf3 Nxf3 26. Qxf3 Rxd1 27. Rxd1 Rd8 28. Rxd8+ Qxd8 29. Qg4 Bf6 30. Bxf6 Qxf6 31. Ne4 Qa1+ 32. Kh2 f5 33. Qg6 fxe4 34. Qxe6+ Kh7 35. Qf5+ g6 36. Qxe4 Qf6 37. g3 Kg7 38. Qd5 Qe7 39. Kg2 h5 40. g4 h4 0-1